 Dungeon Crawl Stone Soup version 0.30-a0-404-g0b3c3f4973 (webtiles) character file.

Game seed: 17419194727736534523

34324 funkygono the Thaumaturge (level 13, -7/86 HPs)
             Began as a Demonspawn Fire Elementalist on Dec 7, 2022.
             Was a Priest of Vehumet.
             Mangled by a death yak (18 damage)
             ... on level 4 of the Lair of Beasts.
             The game lasted 00:47:50 (17616 turns).

funkygono the Thaumaturge (DsFE)                   Turns: 17616, Time: 00:47:50

Health: -7/86      AC: 17    Str: 11    XL:     13   Next: 41%
Magic:  0/30       EV: 14    Int: 23    God:    Vehumet [***...]
Gold:   1114       SH:  0    Dex: 15    Spells: 7/38 levels left

rFire   . . .      SeeInvis .    T - +10 short sword "Iteckod" {vorpal, Fly rCorr Str+3 Int+2}
rCold   . . .      Faith    .    (no shield)
rNeg    . . .      Spirit   +    S - +0 steam dragon scales
rPois   .          Reflect  .    h - +1 helmet
rElec   .          Harm     .    t - +2 cloak
rCorr   +          Rampage  .    K - +1 pair of gloves
Will    +....                    k - +1 pair of boots
Stlth   ++........               a - amulet of regeneration
HPRegen 1.14/turn                x - ring of willpower
MPRegen 0.44/turn                G - +4 ring of slaying

@: flying, studying Long Blades
A: demonic guardian 1, magic shield, magic regeneration, sharp scales 2,
weakness stinger 1
a: Renounce Religion


You were on level 4 of the Lair of Beasts.
You worshipped Vehumet.
Vehumet was most pleased with you.
You visited 3 branches of the dungeon, and saw 17 of its levels.
You also visited: Sewer and Bailey.

You collected 1114 gold pieces.

Inventory:

Hand Weapons
 n - a +1 long sword of electrocution
 T - the +10 short sword "Iteckod" (weapon) {vorpal, Fly rCorr Str+3 Int+2}
   (You took it off an orc wizard on level 7 of the Dungeon)

   It inflicts extra damage upon your enemies.
   Str:       It affects your strength (+3).
   Int:       It affects your intelligence (+2).
   Fly:       It grants you flight.
   rCorr:     It protects you from acid and corrosion.
Armour
 h - a +1 helmet (worn)
 k - a +1 pair of boots (worn)
 o - a +2 robe of fire resistance
 t - a +2 cloak (worn)
 K - a +1 pair of gloves (worn)
 M - a +3 leather armour of cold resistance
 S - +0 steam dragon scales (worn)
Magical Staves
 N - a staff of air
 V - a staff of conjuration
Jewellery
 a - an amulet of regeneration (around neck)
 x - a ring of willpower (left hand)
 G - a +4 ring of slaying (right hand)
 I - a ring of protection from cold
Wands
 m - a wand of flame (23)
 y - a wand of polymorph (8)
 z - a wand of mindburst (6)
 B - a wand of iceblast (21)
 Y - a wand of quicksilver (13)
Scrolls
 f - 5 scrolls of teleportation
 i - a scroll of amnesia
 j - 5 scrolls of magic mapping
 u - a scroll of identify
 v - 4 scrolls of blinking
 C - a scroll of poison
 F - 3 scrolls of fog
 W - a scroll of enchant weapon
Potions
 b - 3 potions of magic
 c - 3 potions of might
 d - a potion of cancellation {unknown}
 e - 5 potions of invisibility
 g - a potion of attraction {unknown}
 l - 2 potions of mutation
 p - a potion of ambrosia {unknown}
 q - 2 potions of brilliance
 r - 5 potions of curing
 s - 2 potions of haste
 w - 2 potions of flight {unknown}
 A - 3 potions of berserk rage
 J - a potion of experience {unknown}
 Z - 2 potions of heal wounds


   Skills:
 + Level 3.3 Fighting
 + Level 3.1 Short Blades
 + Level 3.1 Armour
 + Level 5.2 Dodging
 - Level 1.7 Stealth
 + Level 13.1 Spellcasting
 + Level 8.5 Conjurations
 + Level 12.6 Fire Magic
 + Level 3.7 Air Magic
 + Level 2.2 Poison Magic
 + Level 1.2 Evocations


You had 7 spell levels left.
You knew the following spells:

 Your Spells              Type           Power      Damage    Failure   Level
a - Foxfire               Conj/Fire      100%       2x1d9     1%          1
b - Scorch                Fire           100%       2d10      1%          2
c - Kindle Blastsparks    Fire/Tloc/Air  80%        2d16      1%          3
d - Flame Wave            Conj/Fire      59%        2d14      1%          4
e - Fireball              Conj/Fire      29%        3d13      1%          5
f - Iskenderun's Battles  Conj           53%        2d10      1%          5
g - Lightning Bolt        Conj/Air       21%        1d36      2%          5
h - Kiss of Death         Conj/Necr      100%       2d13      1%          1
i - Magic Dart            Conj           100%       1d8       1%          1
j - Olgreb's Toxic Radia  Pois           25%        N/A       4%          4

Your spell library contained the following spells:

 Spells                   Type           Power      Damage    Failure   Level
 Inner Flame              Hex/Fire       44%        N/A       1%          3
 Swiftness                Air            32%        N/A       2%          3
 Airstrike                Air            16%        2d(3-19)  2%          4
 Slow                     Hex            60%        N/A       4%          1
 Ensorcelled Hibernation  Hex/Ice        30%        N/A       6%          2
 Passwall                 Tmut/Erth      12%        N/A       6%          2
 Call Canine Familiar     Summ           15%        N/A       12%         3
 Confusing Touch          Hex            15%        N/A       12%         3
 Gell's Gravitas          Tloc           15%        N/A       12%         3
 Lesser Beckoning         Tloc           30%        N/A       12%         3
 Portal Projectile        Hex/Tloc       30%        N/A       12%         3
 Teleport Other           Tloc           15%        N/A       12%         3
 Vampiric Draining        Necr           15%        2d7       12%         3
 Conjure Ball Lightning   Conj/Air       21%        3x3d6     13%         6
 Summon Lightning Spire   Summ/Air       23%        N/A       19%         4
 Orb of Destruction       Conj           26%        9d9       26%         7
 Leda's Liquefaction      Hex/Erth       7%         N/A       38%         4
 Petrify                  Tmut/Erth      15%        N/A       38%         4
 Metabolic Englaciation   Hex/Ice        7%         N/A       75%         5
 Summon Forest            Summ/Tloc      7%         N/A       75%         5
 Summon Mana Viper        Hex/Summ       15%        N/A       75%         5
 Statue Form              Tmut/Erth      10%        N/A       99%         6
 Summon Cactus Giant      Summ           7%         N/A       99%         6


Dungeon Overview and Level Annotations

Branches:
Dungeon (12/15)            Temple (1/1) D:7            Lair (4/5) D:10
 Shoals (0/4) Lair:3        Snake (0/4) Lair:2          Orc (0/2) D:12
  Sewer (visited)          Bailey (visited)
  Slime: Lair:4-5

Altars:
Ashenzari
Cheibriados
Dithmenos
Fedhas
Gozag
Hepliaklqana
Kikubaaqudgha
Makhleb
Nemelex Xobeh
Okawaru
Qazlal
Ru
Sif Muna
Trog
Uskayaw
Vehumet
Wu Jian
Xom
Yredelemnul

Annotations:
D:9 3 runed translucent doors, Armakuni's ghost, journeyman GnGl
Lair:3 2 transporters, Aretou's ghost, journeyman TrHW


Innate Abilities, Weirdness & Mutations

A weak demonic guardian rushes to your aid.
When hurt, damage is shared between your health and your magic reserves.
You regenerate magic rapidly.
You are mostly covered in razor-sharp scales. (AC +2, Slay +2)
You have a small tail.


Message History

Your Poison Magic skill increases to level 2!
A wave of flame ripples out!
The flame wave engulfs the death yak!
The death yak is lightly wounded.
The flame wave engulfs the death yak!
The death yak is heavily wounded.
The death yak completely misses you.
Unknown command.
A wave of flame ripples out!
The flame wave engulfs the death yak.
The death yak is lightly wounded.
The flame wave engulfs the death yak!
The death yak is severely wounded.
You finish channelling waves of flame.
Unknown command.
Casting: Flame Wave (safe; 1% risk of failure)
Confirm with . or Enter, or press ? or * to list all spells.
Casting: Flame Wave (safe; 1% risk of failure)
Press: ? - help, Dir - look around, f - activate A wave of flame ripples out!
The flame wave engulfs the death yak!
The death yak is severely wounded.
The flame wave engulfs the death yak but does no damage.
The death yak is lightly wounded. (Press . to intensify the flame waves.)
The death yak gores you but does no damage.
The death yak gores you!
A wave of flame ripples out!
The flame wave engulfs the death yak!
The death yak is almost dead.
The flame wave engulfs the death yak.
The death yak is moderately wounded.
The death yak gores you!!
* * * LOW HITPOINT WARNING * * *
The death yak gores you!
* * * LOW HITPOINT WARNING * * *
A demonic guardian appears!
A wave of flame ripples out!
The flame wave engulfs the death yak.
The death yak is almost dead.
The flame wave engulfs the death yak!
The death yak is moderately wounded.
Your demonic guardian avoids your attack.
You finish channelling waves of flame.
The death yak gores you!!
You die...

#...# ##..# ##..## ##†.#
#...# ##..## ##..##
#####.#'### ####P...###
###..(......### ##.........#
#.+........+..#
#..........####..........#..P
..#........#Y.4<......÷...#..
# #......†.Y@#P#.........P#..
#........######........##.#
#P#...#..# #..###'...###
###..##### ###....#### #
#...#### ###...## ####'...##
###.#+.##
#........###.......#
#..+.......#.P.......#
#...P.......#.†††.....#


You could see 2 death yaks and a friendly rust devil (summoned).

Vanquished Creatures
  A boulder beetle (D:12)
  2 two-headed ogres
  3 death yaks (Lair:4)
  A deep elf pyromancer (Bailey)
  An orc knight (Bailey)
  A cyclops (D:5)
  A manticore (D:12)
  3 merfolk sirens (Lair:3)
  5 black mambas
  An elephant (Lair:4)
  9 cane toads
  2 gargoyles (D:12)
  2 unseen horrors
  A freezing wraith (D:7)
  3 rime drakes
  9 komodo dragons
  A hornet (D:8)
  A merfolk (Lair:3)
  3 polar bears
  14 blink frogs
  3 slime creatures (D:11)
  A blink frog (shapeshifter) (D:10)
  27 yaks
  4 wraiths (D:12)
  4 basilisks
  5 wyverns
  3 steam dragons
  2 wargs (D:10)
  Menkaure (D:5)
  20 water moccasins
  Edmund (D:6)
  An acid dragon (D:8)
  3 black bears
  An ice beast (D:7)
  2 sky beasts (D:7)
  8 orc warriors
  An ogre (D:6)
  8 centaurs
  3 wolves
  2 phantoms
  2 kobold brigands
  The ghost of Jaakounette the Sneak, an amateur SpBr (D:3)
  13 bullfrogs
  2 necrophages (D:7)
  A gnoll sergeant (D:7)
  3 jellies
  4 wights
  4 killer bees
  3 electric eels (D:7)
  A howler monkey (D:6)
  8 orc priests
  5 hounds
  Crazy Yiuf (D:3)
  A hell rat (Sewer)
  A gnoll bouda (D:7)
  An iguana (D:5)
  Natasha (thrice) (D:2)
  15 orc wizards
  Robin (D:1)
  8 gnolls
  2 river rats (Sewer)
  10 adders
  3 shadow imps
  2 white imps
  An ufetubus (D:5)
  A worm (D:2)
  7 dart slugs
  46 orcs
  4 bats
  7 endoplasms
  5 giant cockroaches
  15 goblins
  16 hobgoblins
  5 jackals
  4 quokkas
  6 ball pythons
  2 frilled lizards
  8 kobolds
  13 rats
  A butterfly (D:4)
400 creatures vanquished.

Vanquished Creatures (collateral kills)
  Erolcha (D:11)
  A yak (D:11)
  6 foxfires
8 creatures vanquished.

Vanquished Creatures (others)
  1289 foxfires
  22 fungi
  43 plants
1354 creatures vanquished.

Grand Total: 1762 creatures vanquished

Notes
Turn   | Place    | Note
-------+----------+-------------------------------------------
     0 | D:1      | funkygono the Demonspawn Fire Elementalist began the quest
                  | for the Orb.
     0 | D:1      | Reached XP level 1. HP: 13/13 MP: 3/3
   189 | D:1      | Gained mutation: You regenerate magic rapidly. [demonic
                  | ancestry]
   189 | D:1      | Reached XP level 2. HP: 19/19 MP: 1/5
   216 | D:1      | Learned a level 2 spell: Scorch
   524 | D:1      | Reached XP level 3. HP: 24/24 MP: 2/6
   530 | D:1      | Learned a level 3 spell: Kindle Blastsparks
   942 | D:2      | Noticed Natasha
  1084 | D:2      | Killed Natasha
  1085 | D:2      | Reached skill level 1 in Fighting
  1085 | D:2      | Reached XP level 4. HP: 24/32 MP: 4/8
  1134 | D:2      | Noticed Robin
  1279 | D:1      | Killed Robin
  1389 | D:2      | Reached skill level 3 in Spellcasting
  1707 | D:2      | Noticed Natasha
  1715 | D:2      | Killed Natasha
  1716 | D:2      | Reached XP level 5. HP: 31/37 MP: 0/10
  1881 | D:2      | Noticed Natasha
  1888 | D:2      | Killed Natasha
  2603 | D:2      | Learned a level 4 spell: Flame Wave
  2617 | D:3      | Found a runed translucent door.
  2618 | D:3      | Noticed Jaakounette's ghost (amateur SpBr)
  2727 | D:3      | Found a glowing drain.
  2732 | Sewer    | Entered a sewer
  2806 | Sewer    | Gained mutation: You are partially covered in razor-sharp
                  | scales. (AC +1, Slay +1) [demonic ancestry]
  2806 | Sewer    | Reached XP level 6. HP: 44/44 MP: 4/11
  3410 | D:3      | Found a shimmering blue altar of Sif Muna.
  3465 | D:3      | Reached skill level 4 in Spellcasting
  3719 | D:3      | Found a runed translucent door.
  3720 | D:3      | Noticed Crazy Yiuf
  4059 | D:3      | Killed Crazy Yiuf
  4162 | D:3      | Killed Jaakounette's ghost
  4334 | D:4      | Reached skill level 5 in Fire Magic
  4334 | D:4      | Gained mutation: When hurt, damage is shared between your
                  | health and your magic reserves. [demonic ancestry]
  4334 | D:4      | Reached XP level 7. HP: 21/49 MP: 0/13
  4900 | D:4      | Found a shimmering altar of Xom.
  4931 | D:5      | Entered Level 5 of the Dungeon
  4931 | D:5      | Noticed Menkaure
  4935 | D:5      | Killed Menkaure
  5055 | D:5      | Reached skill level 5 in Spellcasting
  5220 | D:5      | Reached XP level 8. HP: 38/56 MP: 5/16
  5592 | D:5      | Reached skill level 6 in Spellcasting
  6342 | D:6      | Noticed a cyclops
  6362 | D:5      | Killed a cyclops
  6363 | D:5      | Gained mutation: A weak demonic guardian rushes to your
                  | aid. [demonic ancestry]
  6363 | D:5      | Reached XP level 9. HP: 40/61 MP: 14/19
  6478 | D:6      | Reached skill level 7 in Spellcasting
  6610 | D:6      | Noticed Edmund
  6623 | D:6      | Killed Edmund
  7133 | D:6      | Found an iron altar of Okawaru.
  7144 | D:6      | Learned a level 5 spell: Fireball
  7150 | D:6      | Learned a level 5 spell: Iskenderun's Battlesphere
  7247 | D:7      | Found a flagged portal.
  7254 | Bailey   | Entered a bailey
  7483 | Bailey   | Found a large runed translucent door.
  7483 | Bailey   | Found a large runed translucent door.
  7484 | Bailey   | Noticed a deep elf pyromancer
  7484 | Bailey   | Noticed an orc knight
  7520 | Bailey   | Reached skill level 5 in Conjurations
  7711 | Bailey   | Killed an orc knight
  7712 | Bailey   | Reached skill level 8 in Spellcasting
  7933 | Bailey   | Killed a deep elf pyromancer
  7934 | Bailey   | Reached XP level 10. HP: 52/67 MP: 10/22
  8438 | D:7      | Identified the +10 short sword "Iteckod" {vorpal, Fly rCorr
                  | Str+3 Int+2}
  8773 | D:7      | Reached skill level 9 in Spellcasting
  8886 | D:7      | Found a staircase to the Ecumenical Temple.
  8901 | Temple   | Entered the Ecumenical Temple
  8994 | Temple   | Became a worshipper of Vehumet
  9319 | D:7      | Reached skill level 1 in Armour
  9765 | D:8      | Reached skill level 1 in Short Blades
  9817 | D:8      | Found a basalt altar of Yredelemnul.
 10041 | D:8      | Learned a level 5 spell: Lightning Bolt
 10476 | D:9      | Found a runed translucent gate.
 10477 | D:9      | Found a runed translucent gate.
 10477 | D:9      | Found a runed translucent gate.
 10481 | D:9      | Noticed Armakuni's ghost (journeyman GnGl)
 10792 | D:9      | Found a broken altar of Ashenzari.
 11008 | D:10     | Entered Level 10 of the Dungeon
 11120 | D:10     | Found a shadowy altar of Dithmenos.
 11124 | D:10     | Found an ornate altar of the Wu Jian Council.
 11164 | D:10     | Reached skill level 10 in Fire Magic
 11276 | D:10     | Found a hide-covered altar of Uskayaw.
 11279 | D:10     | Found a hazy altar of Hepliaklqana.
 11408 | D:10     | Found a staircase to the Lair.
 11576 | D:10     | Found a stormy altar of Qazlal.
 11628 | D:10     | Gained mutation: You are mostly covered in razor-sharp
                  | scales. (AC +2, Slay +2) [demonic ancestry]
 11628 | D:10     | Reached XP level 11. HP: 64/73 MP: 17/24
 11714 | D:10     | Noticed a two-headed ogre
 11723 | D:10     | Killed a two-headed ogre
 12076 | D:11     | Reached * piety under Vehumet
 12076 | D:11     | Offered knowledge of Kiss of Death by Vehumet.
 12079 | D:11     | Reached skill level 10 in Spellcasting
 12356 | D:11     | Noticed Erolcha
 12367 | D:11     | Killed Erolcha
 12755 | D:11     | Learned a level 1 spell: Kiss of Death
 12895 | D:12     | Noticed a boulder beetle
 12926 | D:12     | Killed a boulder beetle
 12997 | D:12     | Noticed a two-headed ogre
 13013 | D:12     | Killed a two-headed ogre
 13019 | D:12     | Reached skill level 1 in Evocations
 13094 | D:12     | Found a staircase to the Orcish Mines.
 13524 | D:12     | Reached skill level 11 in Spellcasting
 13764 | Lair:1   | Entered Level 1 of the Lair of Beasts
 13922 | Lair:1   | Reached XP level 12. HP: 78/81 MP: 19/27
 14045 | Lair:1   | Reached skill level 1 in Air Magic
 14329 | Lair:1   | Reached ** piety under Vehumet
 14329 | Lair:1   | Offered knowledge of Magic Dart by Vehumet.
 14332 | Lair:1   | Learned a level 1 spell: Magic Dart
 15324 | Lair:2   | Reached skill level 12 in Spellcasting
 15562 | Lair:2   | Offered knowledge of Frozen Ramparts by Vehumet.
 15599 | Lair:2   | Found a staircase to the Snake Pit.
 16201 | Lair:3   | Found a transporter.
 16233 | Lair:3   | Noticed Aretou's ghost (journeyman TrHW)
 16234 | Lair:3   | Reached *** piety under Vehumet
 16308 | Lair:3   | Found a transporter.
 16309 | Lair:3   | Found a bloodstained altar of Trog.
 16409 | Lair:3   | Gained mutation: You have a small tail. [demonic ancestry]
 16409 | Lair:3   | Reached XP level 13. HP: 86/86 MP: 14/29
 16524 | Lair:3   | Offered knowledge of Olgreb's Toxic Radiance by Vehumet.
 16530 | Lair:3   | Learned a level 4 spell: Olgreb's Toxic Radiance
 16571 | Lair:3   | Found a staircase to the Shoals.
 17221 | Lair:4   | Identified the +8 trident of Enuiss {flame, Fragile rC++
                  | rCorr Stlth+}
 17275 | Lair:4   | Reached skill level 1 in Poison Magic
 17395 | Lair:4   | Reached skill level 5 in Dodging
 17499 | Lair:4   | Reached skill level 13 in Spellcasting
 17616 | Lair:4   | Mangled by a death yak

Illustrated notes

Levels and vault maps discovered:
D:1:      kennysheep_arrival_seaside, layout_basic,
          minmay_misc_feat_four_crosses
D:2:      layout_basic, minmay_close_crescents, uniq_robin, uniq_natasha
D:3:      layout_loops_corners, led_sif_book, gammafunk_ghost_grave,
          portal_sewer_entry_e, guppyfry_early_lair_pool,
          uniq_crazy_yiuf_cottage
D:4:      layout_basic, xom_butterflies, fountainhead, interstate_on_off
D:5:      minmay_bubble_buster, layout_loops_ring, minmay_misc_feat_alley,
          minmay_small_thing, uniq_menkaure
D:6:      layout_cave_pools, kennysheep_mini, minmay_microvault, uniq_edmund
D:7:      nzn_winding_woodlands_cross [nzn_winding_woodlands_5x15_jagged,
          nzn_winding_woodlands_5x15_eye,
          nzn_winding_woodlands_5x15_lazy_stream,
          nzn_winding_woodlands_5x15_sidewinder,
          nzn_winding_woodlands_15x15_eel_pit], layout_loops_cross,
          minmay_temple_entry_statues, enter_bailey_2
D:8:      layout_cave_pools, mainiacjoe_overflow_concentric_impassable
D:9:      minmay_klotski, layout_basic, cheibrodos_ashenzari_chains,
          gammafunk_ghost_spectres
D:10:     cheibrodos_steamvent, layout_long_grid,
          nicolae_qazlal_eye_of_the_storm, nicolae_overflow_hidden_temple,
          erik_lair_orcish_takeover, dreamdust_princess_bridge
D:11:     lemuel_flame_loot_2, layout_basic, uniq_erolcha
D:12:     layout_rooms, minmay_orc_entry_temple_small, nrook_loot_triangle
Temple:   hellmonk_temple_forest_ring
Lair:1:   layout_cave_pods
Lair:2:   layout_roguey, minmay_snake_entry_six_corridors,
          infiniplex_staircase_pool, lemuel_fruit_tree
Lair:3:   layout_cave_pods, elwin_shoals_entry_stream,
          gammafunk_ghost_wrathful_warriors
Lair:4:   layout_roguey, minivault_19

Skill      XL: |  1  2  3  4  5  6  7  8  9 10 11 12 13 |
---------------+----------------------------------------+-----
Dodging        | 2 3 4 5 |  5.2
Fire Magic     | 3 4 5 6 7 9 10 11 12 | 12.6
Fighting       | 1 2 3 |  3.3
Spellcasting   | 3 4 5 6 8 9 11 12 13 | 13.1
Conjurations   | 2 3 4 5 6 7 8 |  8.5
Armour         | 1 3 |  3.1
Short Blades   | 1 2 3 |  3.1
Evocations     | 1 |  1.2
Air Magic      | 3 |  3.7
Poison Magic   | 2 |  2.2
Stealth        | |  1.7

Action                   |  1- 3 |  4- 6 |  7- 9 | 10-12 | 13-15 || total
-------------------------+-------+-------+-------+-------+-------++-------
Melee: Dagger            |     8 |     3 |       |       |       ||    11
       Mace              |       |     5 |       |       |       ||     5
       Whip              |       |       |    11 |       |       ||    11
       Flail             |       |       |     1 |       |       ||     1
       Short sword       |       |       |       |    92 |    21 ||   113
       Punch             |       |       |       |     1 |       ||     1
       Tailslap          |       |       |       |       |     3 ||     3
 Cast: Foxfire           |    49 |   118 |   188 |   350 |    58 ||   763
       Scorch            |     9 |    35 |    63 |   137 |    21 ||   265
       Flame Wave        |       |       |     4 |    30 |     7 ||    41
       Fireball          |       |       |       |    14 |     1 ||    15
       Iskenderun's Batt |       |       |       |     6 |       ||     6
       Lightning Bolt    |       |       |       |     6 |     3 ||     9
       Olgreb's Toxic Ra |       |       |       |       |    13 ||    13
Evoke: Wand              |       |       |       |    10 |       ||    10
  Use: Scroll            |       |    12 |     8 |     8 |     3 ||    31
       Potion            |       |       |     4 |     2 |       ||     6
Armor: Robe              |     4 |     4 |    12 |       |       ||    20
       Leather armour    |       |       |       |    71 |       ||    71
       Steam dragon scal |       |       |       |    73 |    13 ||    86
Dodge: Dodged            |    18 |    31 |    51 |   183 |    27 ||   310

Table legend: (Time is in decaauts)
 A = Elapsed time spent in this place.
 B = Non-inter-level travel time spent in this place.
 C = Inter-level travel time spent in this place.
 D = Time resting spent in this place.
 E = Time spent auto-exploring this place.
 F = Levels seen in this place.
 G = Mean time per level.
                   A        B        C        D        E       F      G
               +--------+--------+--------+--------+--------+-----+--------+
         Total |  17679 |  17273 |    406 |    735 |  12790 |  19 |  930.5 |
       Dungeon |  12762 |  12418 |    344 |    485 |   9368 |  12 | 1063.5 |
        Temple |    168 |    161 |      7 |      0 |    141 |   1 |  168.0 |
          Lair |   3801 |   3748 |     53 |      0 |   3019 |   4 |  950.2 |
         Sewer |    159 |    159 |      0 |      0 |    113 |   1 |  159.0 |
        Bailey |    787 |    787 |      0 |    250 |    149 |   1 |  787.0 |
               +--------+--------+--------+--------+--------+-----+--------+

Top non-repeatable levels by time:
     D:5: 1566 daAuts
     D:3: 1464 daAuts
     D:2: 1378 daAuts
     D:7: 1378 daAuts
     D:1: 1251 daAuts
    D:10: 1217 daAuts
  Lair:3: 1217 daAuts
  Lair:1: 1120 daAuts
  Lair:2: 961 daAuts
     D:9: 945 daAuts
    D:12: 844 daAuts
  Bailey: 787 daAuts
    D:11: 754 daAuts
     D:4: 711 daAuts
     D:6: 708 daAuts
